 Dungeon Crawl Stone Soup version 0.26.1-11-gd32895ea62 (webtiles) character file.

Game seed: 6238387747336309564

277 nothank2 the Slasher (level 6, -2/51 HPs)
             Began as a Formicid Fighter on July 11, 2021.
             Slain by an ogre
             ... wielding a +0 giant spiked club
              (21 damage)
             ... on level 4 of the Dungeon on July 12, 2021.
             The game lasted 00:11:09 (3521 turns).

nothank2 the Slasher (Formicid Fighter)             Turns: 3521, Time: 00:11:10

Health: -2/51      AC:  6    Str: 18    XL:     6   Next: 50%
Magic:  6/6        EV: 12    Int:  8    God:
Gold:   171        SH: 10    Dex: 10    Spells: 5/5 levels left

rFire    . . .     SeeInvis +   a - +1 long sword
rCold    . . .     Faith    .   c - +1 kite shield
rNeg     . . .     Spirit   .   j - +0 ring mail (curse)
rPois    .         Reflect  .   (helmet unavailable)
rElec    .         Harm     .   (no cloak)
rCorr    .         Rampage  .   (no gloves)
Will     .....                  h - +0 pair of boots
Stlth    ..........             (no amulet)
HPRegen  0.17/turn              p - +4 ring of evasion
MPRegen  0.10/turn              r - -4 ring of strength (curse)

@: no status effects
A: permanent stasis, dig shafts and tunnels, four strong arms, antennae 3
a: Dig, Shaft Self


You were on level 4 of the Dungeon.
You visited 1 branch of the dungeon, and saw 4 of its levels.

You collected 171 gold pieces.

Inventory:

Hand Weapons
 a - a +1 long sword (weapon)
Missiles
 l - 8 boomerangs (quivered)
 s - 24 poisoned darts
Armour
 b - a +0 scale mail
 c - a +1 kite shield (worn)
 h - a +0 pair of boots (worn)
 j - a cursed +0 ring mail (worn)
Jewellery
 p - a +4 ring of evasion (left hand)
 r - a cursed -4 ring of strength (right hand)
Wands
 x - a wand of acid (11)
Scrolls
 g - 2 scrolls of identify
 k - 2 scrolls of teleportation
 t - a scroll of remove curse {unknown}
 v - a scroll of magic mapping
 w - a scroll of enchant weapon
Potions
 d - a potion of might
 e - a potion of heal wounds
 f - a potion of lignification {unknown}
 i - 2 potions of flight {unknown}
 m - a potion of haste {unknown}
 n - a potion of brilliance {unknown}
 o - a potion of cancellation {unknown}
 q - a potion of curing {unknown}
 u - 2 potions of mutation {unknown}
 z - a potion of attraction {unknown}


   Skills:
 + Level 5.0 Fighting
 * Level 5.3 Long Blades
 - Level 3.2 Armour
 - Level 3.6 Shields


You had 5 spell levels left.
You didn't know any spells.
Your spell library was empty.

Dungeon Overview and Level Annotations

Branches:
Dungeon (4/15)
 Temple: D:4-7

Altars:
Nemelex Xobeh


Innate Abilities, Weirdness & Mutations

You cannot be hasted, slowed, berserked, paralysed or teleported.
You can dig through walls and to a lower floor.
Your four strong arms can wield two-handed weapons with a shield.
You have a pair of large antennae on your head. (SInv)


Message History

You feel sick. The adder bites you but does no damage.
You closely miss the adder.
The adder is severely wounded.
The adder barely misses you.
You riposte.
You hit the adder.
You kill the adder!
You hit the ogre.
The ogre is lightly wounded.
The ogre hits you with a +0 giant spiked club!!
You hit the ogre.
The ogre is lightly wounded.
You feel sick.
You are no longer poisoned.
The ogre barely misses you.
You hit the ogre.
The ogre is moderately wounded.
The ogre hits you with a +0 giant spiked club.
You barely miss the ogre.
The ogre is moderately wounded.
The ogre hits you with a +0 giant spiked club!!
You die...

#..............
###............#..
.................#
#................#
###.............#
#......###....#
##........#..##
#.........#.###
#.####.....oO@#
####.# ###...####
.....# ##.##
....## ##.#
.....### #..#
..$....####.##
...#........#
..######...## .#
###.....


You could see an ogre and an orc.

Vanquished Creatures
  A scorpion (D:3)
  An orc wizard (D:4)
  Natasha (thrice) (D:2)
  A hound skeleton (D:4)
  5 adders
  3 worms
  2 dart slugs
  2 leopard geckos
  5 orcs
  3 bats
  2 giant cockroaches
  4 hobgoblins
  6 kobolds
  2 ball pythons
  4 frilled lizards
  6 goblins
  5 rats
55 creatures vanquished.

Notes
Turn   | Place    | Note
-------+----------+-------------------------------------------
     0 | D:1      | nothank2 the Formicid Fighter began the quest for the Orb.
     0 | D:1      | Reached XP level 1. HP: 18/18 MP: 1/1
   120 | D:1      | Reached XP level 2. HP: 21/24 MP: 2/2
   619 | D:2      | Noticed Natasha
   627 | D:2      | Reached XP level 3. HP: 27/30 MP: 3/3
   630 | D:2      | Killed Natasha
   631 | D:2      | Reached XP level 4. HP: 34/37 MP: 4/4
   659 | D:2      | Noticed Natasha
   669 | D:2      | Killed Natasha
  1178 | D:2      | Noticed Natasha
  1187 | D:2      | Killed Natasha
  1188 | D:2      | Reached XP level 5. HP: 41/43 MP: 5/5
  1342 | D:2      | Noticed a two-headed ogre
  1812 | D:3      | Found a sparkling altar of Nemelex Xobeh.
  2979 | D:4      | Reached XP level 6. HP: 49/49 MP: 6/6
  3095 | D:3      | Reached skill level 5 in Long Blades
  3395 | D:4      | Reached skill level 5 in Fighting
  3496 | D:4      | Noticed an ogre
  3521 | D:4      | Slain by an ogre

Illustrated notes

Levels and vault maps discovered:
D:1:      lemuel_arrival_lava_pool, layout_rooms
D:2:      layout_loops_cross, kennysheep_big_empty_room, lightli_corner_chamber,
          uniq_natasha
D:3:      layout_basic, nemelex_xobeh_ov_fountains_minmay, minivault_5
D:4:      layout_layer_cave, serial_shops, nicolae_shop_behind_doors,
          chequers_serial_rivers_room_b

Skill      XL: |  1  2  3  4  5  6 |
---------------+-------------------+-----
Long Blades    | 3 4 5 |  5.3
Fighting       | 4 5 |  5.0
Armour         | |  3.2
Shields        | |  3.6

Action                   |  1- 3 |  4- 6 || total
-------------------------+-------+-------++-------
Melee: Long sword        |    46 |   166 ||   212
 Abil: Dig               |     1 |       ||     1
  Use: Scroll            |       |     7 ||     7
       Potion            |       |     1 ||     1
Armor: Scale mail        |    24 |    32 ||    56
       Ring mail         |       |    15 ||    15
Dodge: Dodged            |    17 |    65 ||    82
Block: Kite shield       |    22 |    86 ||   108
       Rpst.: Long sword |     4 |    14 ||    18
